 Dungeon Sprint DCSS version 0.23.2-1-ga50397a6bc (webtiles) character file.

Game seed: 4056585435355994130

30186 Andrea the Gnoll Aeon (level 13, 0/111 HPs)
             Began as a Gnoll Skald on Apr 24, 2019.
             Was the Champion of Cheibriados.
             Slain by a black draconian
             ... wielding a +5 scythe of freezing
              (16 damage)
             ... in the Dungeon (Sprint V: "Ziggurat Sprint").
             The game lasted 00:20:47 (1533 turns).

Andrea the Gnoll Aeon (Gnoll Skald)                 Turns: 1533, Time: 00:20:47

Health: 0/111      AC: 34    Str: 35    XL:     13   Next: 50%
Magic:  5/21       EV: 19    Int: 32    God:    Cheibriados [******]
Gold:   0          SH: 35    Dex: 34    Spells: 16/39 levels left

rFire    + . .     SeeInvis +   D - +14 obsidian axe {chop, +Fly SInv *Curse} (curse)
rCold    + + .     Gourm    .   E - +18 shield of the Gong {rElec rN+ MR+ EV-5}
rNeg     + + .     Faith    .   I - +5 gold dragon scales
rPois    +         Spirit   .   v - +0 helmet {SInv}
rElec    +         Reflect  .   M - +1 cloak of Starlight {rElec rC+ EV+4 Stlth--}
rCorr    .         Harm     .   y - +1 pair of gloves of the Mantidfly {+Fly MP-9 Str+3}
MR       +++++     Clarity  +   Q - +2 pair of boots {Stlth+} Stlth ..........NoTele +
                                K - amulet of the Four Winds {rN+ MR+++ Clar}
HPRegen  0.28/turn              R - ring of Xom's Righteous Fury {Wiz rElec MR+ Dex+4}
MPRegen  0.17/turn              L - ring of Robustness {AC+8}

@: singing, corroded, mesmerised, very slow
A: distributed training, fangs 1, subdued magic 1, strong nose
a: Bend Time, Temporal Distortion, Slouch, Step From Time, Renounce Religion,
Evoke Flight


You were in the Dungeon.
You worshipped Cheibriados.
Cheibriados was exalted by your worship.
You were not hungry.

You visited 1 branch

Inventory:

Hand Weapons
 x - a +0 broad axe of chopping
 D - the cursed +14 obsidian axe (weapon) {chop, +Fly SInv *Curse}
   (You found it in the Dungeon)

   It inflicts extra damage upon your enemies.
   It lets you see invisible.
   It lets you fly.
   It curses itself when equipped.
   It has a curse placed upon it.
 F - a +5 broad axe
 G - a +5 executioner's axe
Armour
 v - a +0 helmet of see invisible (worn)
 y - the +1 pair of gloves of the Mantidfly (worn) {+Fly MP-9 Str+3}
   (You found it in the Dungeon)

   It affects your strength (+3).
   It affects your magic capacity (-9).
   It lets you fly.
 E - the +18 shield of the Gong (worn) {rElec rN+ MR+ EV-5}
   (You found it in the Dungeon)

   It affects your evasion (-5).
   It insulates you from electricity.
   It protects you from negative energy.
   It affects your resistance to hostile enchantments.
 H - a +5 crystal plate armour
 I - +5 gold dragon scales (worn)
 M - the +1 cloak of Starlight (worn) {rElec rC+ EV+4 Stlth--}
   (You found it in the Dungeon)

   It affects your evasion (+4).
   It protects you from cold.
   It insulates you from electricity.
   It makes you much less stealthy.
 Q - a +2 pair of boots of stealth (worn)
Jewellery
 w - the ring "Gesed" {rC+ Int+3}
   (You found it in the Dungeon)

   [ring of protection from cold]

   It affects your intelligence (+3).
   It protects you from cold.
 B - an uncursed ring of flight
 K - the amulet of the Four Winds (around neck) {rN+ MR+++ Clar}
   (You found it in the Dungeon)

   [amulet of nothing]

   It protects you from negative energy.
   It affects your resistance to hostile enchantments.
   It protects you against confusion.
 L - the ring of Robustness (right hand) {AC+8}
   (You found it in the Dungeon)

   [ring of protection]

   It affects your AC (+8).
 O - an uncursed ring of positive energy
 P - an uncursed ring of protection from fire
 R - the ring of Xom's Righteous Fury (left hand) {Wiz rElec MR+ Dex+4}
   (You found it in the Dungeon)

   [ring of wizardry]

   It improves your spell success rate.
   It affects your dexterity (+4).
   It insulates you from electricity.
   It affects your resistance to hostile enchantments.
Wands
 k - a wand of disintegration (6)
 t - a wand of iceblast (6)
 u - a wand of acid (7)
Scrolls
 j - 4 scrolls of blinking
 n - 4 scrolls of amnesia
 o - 6 scrolls of fog
 p - a scroll of holy word
 q - 5 scrolls of identify
 r - 5 scrolls of remove curse
 s - 2 scrolls of fear
 J - 4 scrolls of brand weapon
Potions
 a - 2 potions of brilliance
 b - 2 potions of invisibility
 c - 4 potions of resistance
 e - 10 potions of curing
 f - 9 potions of heal wounds
 g - 6 potions of haste
 h - 6 potions of magic
 i - 3 potions of berserk rage
 l - 6 potions of agility
 m - 5 potions of might
Miscellaneous
 C - a lightning rod (4/4)
Comestibles
 d - 8 rations


   Skills:
 + Level 13.5 Fighting
 + Level 12.8 Short Blades
 + Level 12.8 Long Blades
 + Level 13.5 Axes
 + Level 12.8 Maces & Flails
 + Level 12.8 Polearms
 + Level 12.8 Staves
 + Level 12.8 Slings
 + Level 12.8 Bows
 + Level 12.8 Crossbows
 + Level 12.8 Throwing
 + Level 13.1 Armour
 + Level 13.5 Dodging
 + Level 12.8 Stealth
 + Level 12.8 Shields
 + Level 12.8 Unarmed Combat
 + Level 13.6 Spellcasting
 + Level 11.0 Conjurations
 + Level 11.0 Hexes
 + Level 12.1 Charms
 + Level 11.0 Summonings
 + Level 11.0 Necromancy
 + Level 11.0 Translocations
 + Level 11.0 Transmutations
 + Level 11.0 Fire Magic
 + Level 11.0 Ice Magic
 + Level 11.0 Air Magic
 + Level 11.0 Earth Magic
 + Level 11.0 Poison Magic
 + Level 13.8 Invocations
 + Level 12.8 Evocations


You had 16 spell levels left.
You knew the following spells:

 Your Spells              Type           Power        Failure   Level  Hunger
a - Infusion              Chrm           ####         1%          1    None
b - Song of Slaying       Chrm           ######..     1%          2    None
c - Shroud of Golubria    Chrm/Tloc      ######....   1%          2    None
d - Regeneration          Chrm/Necr      ######....   1%          3    None
e - Summon Lightning Spi  Summ/Air       ######..     1%          4    None
f - Aura of Abjuration    Summ           ######....   3%          5    None
g - Deflect Missiles      Chrm/Air       ######....   16%         6    ###....

Your spell library contained the following spells:

 Spells                   Type           Power        Failure   Level  Hunger
 Animate Skeleton         Necr           N/A          1%          1    None
 Apportation              Tloc           ######       1%          1    None
 Confusing Touch          Hex            ######       1%          1    None
 Corona                   Hex            ######.      1%          1    None
 Freeze                   Ice            ####         1%          1    None
 Sandblast                Erth           ######       1%          1    None
 Summon Small Mammal      Summ           ####         1%          1    None
 Corpse Rot               Necr           N/A          1%          2    None
 Ensorcelled Hibernation  Hex/Ice        ######       1%          2    None
 Passwall                 Tmut/Erth      ######..     1%          2    None
 Poisonous Vapours        Pois/Air       ######       1%          2    None
 Slow                     Hex            ######..     1%          2    None
 Sublimation of Blood     Necr           ######....   1%          2    None
 Swiftness                Chrm/Air       ######..     1%          2    None
 Throw Flame              Conj/Fire      ######       1%          2    None
 Confuse                  Hex            ######..     1%          3    None
 Conjure Flame            Conj/Fire      ######..     1%          3    None
 Dazzling Spray           Conj/Hex       ######       1%          3    None
 Ignite Poison            Fire/Tmut/Pois ######..     1%          3    None
 Inner Flame              Hex/Fire       ######..     1%          3    None
 Mephitic Cloud           Conj/Pois/Air  ######..     1%          3    None
 Ozocubu's Armour         Chrm/Ice       ######..     1%          3    None
 Recall                   Summ/Tloc      N/A          1%          3    None
 Spectral Weapon          Hex/Chrm       ######..     1%          3    None
 Tukima's Dance           Hex            ######..     1%          3    None
 Animate Dead             Necr           N/A          1%          4    None
 Passage of Golubria      Tloc           N/A          1%          4    None
 Petrify                  Tmut/Erth      ######..     1%          4    None
 Summon Ice Beast         Ice/Summ       ######..     1%          4    None
 Throw Icicle             Conj/Ice       ######..     1%          4    None
 Excruciating Wounds      Chrm/Necr      ######....   2%          5    None
 Iskenderun's Battlesphe  Conj/Chrm      ######..     2%          5    None
 Agony                    Necr           ######..     3%          5    None
 Alistair's Intoxication  Tmut/Pois      ######..     3%          5    None
 Bolt of Draining         Conj/Necr      ######....   3%          5    None
 Bolt of Magma            Conj/Fire/Erth ######....   3%          5    None
 Borgnjor's Vile Clutch   Necr/Erth      ######....   3%          5    None
 Dispel Undead            Necr           ######..     3%          5    None
 Fireball                 Conj/Fire      ######....   3%          5    None
 Irradiate                Conj/Tmut      ######....   3%          5    None
 Lee's Rapid Deconstruct  Erth           ######....   3%          5    None
 Silence                  Hex/Air        ######....   3%          5    None
 Venom Bolt               Conj/Pois      ######....   3%          5    None
 Bolt of Fire             Conj/Fire      ######....   21%         6    ###....
 Conjure Ball Lightning   Conj/Air       ######....   21%         6    ###....
 Darkness                 Hex            ######....   21%         6    ###....
 Death Channel            Necr           ######....   21%         6    ###....
 Freezing Cloud           Conj/Ice/Air   ######....   21%         6    ###....
 Hydra Form               Tmut           ######....   21%         6    ###....
 Invisibility             Hex            ######..     21%         6    ###....
 Iron Shot                Conj/Erth      ######....   21%         6    ###....
 Simulacrum               Ice/Necr       ######....   21%         6    ###....
 Statue Form              Tmut/Erth      ######...    21%         6    ###....
 Ring of Flames           Chrm/Fire      ######....   65%         7    #####..
 Dragon Form              Tmut           ######....   71%         7    #####..
 Malign Gateway           Summ/Tloc      ######....   71%         7    #####..
 Orb of Destruction       Conj           ######....   71%         7    #####..
 Spellforged Servitor     Conj/Summ      ######....   71%         7    #####..
 Disjunction              Tloc           ######....   100%        8    ######.
 Ignition                 Fire           ######....   100%        8    ######.
 Tornado                  Air            ######....   100%        9    #######


Dungeon Overview and Level Annotations

Branches:
Dungeon (1/1)

Altars:
Ashenzari
Cheibriados
Dithmenos
Elyvilon
Fedhas
Gozag
Hepliaklqana
Kikubaaqudgha
Makhleb
Nemelex Xobeh
Okawaru
Qazlal
Ru
Sif Muna
Trog
Uskayaw
Vehumet
Wu Jian
Xom
Yredelemnul
Zin
The Shining One
Beogh
Jiyva
Lugonu


Innate Abilities, Weirdness & Mutations

Your experience applies equally to all skills.
You have very sharp teeth.
Your uncanny sense of smell can sniff out nearby items.
Your spells are a little easier to cast, but a little less powerful.


Message History

Visions of slaying the red draconian flood into your mind.
The yellow draconian throws acid at you.
The glob of acid hits you but does no damage.
You are splashed with acid!
* * * LOW HITPOINT WARNING * * *
Your neqoxec hits the white draconian.
Your ice devil hits the purple draconian but does no damage.
Your neqoxec gestures at the yellow draconian.
The yellow draconian twists and deforms.
The purple draconian barely misses you.
The black draconian breathes lightning at you.
The bolt of lightning hits you! You resist.
* * * LOW HITPOINT WARNING * * *
The bolt of lightning hits the black draconian.
The black draconian completely resists.
You block the red draconian's attack.
SHROANNG!
You block the white draconian's attack.
PANG!
The black draconian hits you from afar with a +5 scythe of freezing!
You die...

∆∆∆∆∆∆∆∆∆ ▓........
▓..):.)))[|=..▓..=.....
▓.............▓.....=..
▓.............▓........
▓.............▓..▓.÷††.
▓.............▓.▓▓▓†..▓
▓...3d..d.....▓..▓.....
▓.dddd..▓ ▓.....©.. ▓
▓▓d@dd.▓▓ ▓▓▓▓▓▓▓▓▓
▓..▓..d38..▓..▓....8©8.
▓.....d4......▓..=[)..)
▓......©......▓....=)})
▓▓▓▓▓▓▓▓▓▓▓▓▓▓▓........
▓........ ∆∆∆∆∆∆∆∆∆∆∆
▓........ ∆∆∆∆∆∆∆∆∆
▓........ ▓..▓....†


You could see 3 draconians, 3 draconians, a purple draconian, 2 draconians, 2
draconians, a friendly ice devil, 2 friendly neqoxecs and a friendly lightning
spire.

Vanquished Creatures
  A draconian annihilator (D)
  3 green draconians (D)
  A red draconian (D)
  3 merfolk javelineers (D)
  An ice dragon (D)
  3 vault guards (D)
  A hydra (D)
  A merfolk avatar (D)
  A merfolk aquamancer (D)
  A hell hog (D)
  A vampire mage (D)
  2 skeletal warriors (D)
  4 sea snakes (D)
  An ironbrand convoker (D)
  A necromancer (D)
  A mana viper (shapeshifter) (D)
  A shining eye (D)
  2 manticores (D)
  A worldbinder (D)
  A naga mage (D)
  An eye of devastation (D)
  3 spiny frogs (D)
  3 freezing wraiths (D)
  3 ice devils (D)
  A komodo dragon (D)
  4 merfolk (D)
  A slime creature (D)
  2 hippogriffs (D)
  2 snapping turtles (D)
  2 spriggans (D)
  2 shadows (D)
  A yak (D)
  3 nagas (D)
  2 water moccasins (D)
  4 porcupines (D)
  2 black bears (D)
  2 small abominations (D)
  2 ice beasts (D)
  A necrophage (D)
  3 bullfrogs (D)
  A crimson imp (D)
  3 orc priests (D)
  An orc wizard (D)
  An adder (D)
  3 white imps (D)
  An ooze (D)
  4 adder zombies (D)
  An adder simulacrum (D)
  2 orcs (D)
  2 bat skeletons (D)
  3 bat zombies (D)
  A jackal (D)
  A ball python skeleton (D)
  A giant cockroach simulacrum (D)
  2 giant cockroach zombies (D)
  A quokka skeleton (D)
  A quokka zombie (D)
104 creatures vanquished.

Vanquished Creatures (collateral kills)
  A green draconian (D)
  A green death (D)
  A merfolk impaler (D)
  A vault guard (D)
  A vampire mage (D)
  A phantasmal warrior (D)
  2 necromancers (D)
  An elephant (D)
  A spiny frog (D)
  An orange demon (D)
  An ice devil (D)
  A merfolk (D)
  A polar bear (D)
  A spriggan (D)
  A yak (D)
  A ynoxinul (D)
  A large abomination (D)
  4 nagas (D)
  2 water moccasins (D)
  A crocodile (D)
  A quasit (D)
  2 jellies (D)
  2 adders (D)
  A shadow imp (D)
31 creatures vanquished.

Vanquished Creatures (others)
  A draconian knight (D)
1 creature vanquished.

Grand Total: 136 creatures vanquished

Notes
Turn   | Place    | Note
-------+----------+-------------------------------------------
     0 | D        | Found the +6 Majin-Bo {vamp, Archmagi MP+6 Int+6}
     0 | D        | Found the +7 great mace "Firestarter" {inner flame, rF++}
     0 | D        | Andrea the Gnoll Skald began the quest for the Orb.
     0 | D        | Reached XP level 1. HP: 20/20 MP: 6/6
     7 | D        | Found a deep blue altar of Sif Muna.
     7 | D        | Found a sacrificial altar of Ru.
     7 | D        | Found a bloodstained altar of Trog.
     7 | D        | Found a stormy altar of Qazlal.
     7 | D        | Found an iron altar of Okawaru.
     7 | D        | Found a sparkling altar of Nemelex Xobeh.
     7 | D        | Found a blossoming altar of Fedhas.
     9 | D        | Found a transporter.
     9 | D        | Found an ancient bone altar of Kikubaaqudgha.
     9 | D        | Found a viscous altar of Jiyva.
     9 | D        | Found a corrupted altar of Lugonu.
     9 | D        | Found a hazy altar of Hepliaklqana.
     9 | D        | Found a burning altar of Makhleb.
     9 | D        | Found an opulent altar of Gozag.
    16 | D        | Reached skill level 5 in Fighting
    16 | D        | Reached skill level 5 in Axes
    16 | D        | Reached skill level 5 in Dodging
    16 | D        | Reached skill level 5 in Spellcasting
    16 | D        | Reached skill level 1 in Conjurations
    16 | D        | Reached skill level 1 in Hexes
    16 | D        | Reached skill level 1 in Summonings
    16 | D        | Reached skill level 1 in Necromancy
    16 | D        | Reached skill level 1 in Translocations
    16 | D        | Reached skill level 1 in Transmutations
    16 | D        | Reached skill level 1 in Fire Magic
    16 | D        | Reached skill level 1 in Ice Magic
    16 | D        | Reached skill level 1 in Air Magic
    16 | D        | Reached skill level 1 in Earth Magic
    16 | D        | Reached skill level 1 in Poison Magic
    16 | D        | Reached XP level 2. HP: 27/27 MP: 6/8
    30 | D        | Found the +9 heavy crossbow "Sniper" {velocity, Acc+∞ SInv}
    30 | D        | Found the +10 dark maul {crush}
    30 | D        | Found the +15 Maxwell's patent armour {-Cast -Tele rElec
                  | MR+ rCorr}
    30 | D        | Found the +18 shield of the Gong {rElec rN+ MR+ EV-5}
    30 | D        | Found the cursed +14 obsidian axe {chop, +Fly SInv *Curse}
    65 | D        | Became a worshipper of Cheibriados the Contemplative
    74 | D        | Entered arena 2.
    74 | D        | Found a transporter.
    76 | D        | Reached XP level 3. HP: 33/33 MP: 10/10
    77 | D        | Reached XP level 4. HP: 39/39 MP: 11/11
   193 | D        | Entered arena 3.
   193 | D        | Found a transporter.
   195 | D        | Reached * piety under Cheibriados
   196 | D        | Reached ** piety under Cheibriados
   205 | D        | Entered arena 4.
   205 | D        | Noticed a water moccasin
   205 | D        | Noticed a naga
   205 | D        | Found a transporter.
   206 | D        | Found the ring of Robustness {AC+8}
   206 | D        | Found the +1 cloak of Starlight {rElec rC+ EV+4 Stlth--}
   207 | D        | Killed a water moccasin
   207 | D        | Reached XP level 5. HP: 46/46 MP: 11/13
   209 | D        | Reached *** piety under Cheibriados
   210 | D        | Killed a naga
   210 | D        | Reached skill level 5 in Armour
   210 | D        | Reached skill level 5 in Invocations
   210 | D        | Reached XP level 6. HP: 53/53 MP: 11/15
   233 | D        | Entered arena 5.
   233 | D        | Found a transporter.
   238 | D        | Reached **** piety under Cheibriados
   242 | D        | Got the Papyrus of the Displaced Rocks
   302 | D        | Learned a level 2 spell: Song of Slaying
   305 | D        | Learned a level 2 spell: Shroud of Golubria
   305 | D        | Entered arena 6.
   305 | D        | Noticed a spriggan
   305 | D        | Noticed a black bear
   305 | D        | Noticed a spriggan
   305 | D        | Noticed a spriggan
   305 | D        | Noticed a black bear
   305 | D        | Found a transporter.
   306 | D        | Identified the +1 long sword of Ucvan {slice, rF+ Int+2}
   307 | D        | Killed a spriggan
   307 | D        | Reached skill level 5 in Short Blades
   307 | D        | Reached skill level 5 in Long Blades
   307 | D        | Reached skill level 5 in Maces & Flails
   307 | D        | Reached skill level 5 in Polearms
   307 | D        | Reached skill level 5 in Staves
   307 | D        | Reached skill level 5 in Slings
   307 | D        | Reached skill level 5 in Bows
   307 | D        | Reached skill level 5 in Crossbows
   307 | D        | Reached skill level 5 in Throwing
   307 | D        | Reached skill level 5 in Stealth
   307 | D        | Reached skill level 5 in Shields
   307 | D        | Reached skill level 5 in Unarmed Combat
   307 | D        | Reached skill level 5 in Evocations
   307 | D        | Reached XP level 7. HP: 57/60 MP: 17/17
   308 | D        | Killed a spriggan
   308 | D        | Reached ***** piety under Cheibriados
   309 | D        | Killed a spriggan
   309 | D        | Reached skill level 5 in Conjurations
   309 | D        | Reached skill level 5 in Hexes
   309 | D        | Reached skill level 5 in Summonings
   309 | D        | Reached skill level 5 in Necromancy
   309 | D        | Reached skill level 5 in Translocations
   309 | D        | Reached skill level 5 in Transmutations
   309 | D        | Reached skill level 5 in Fire Magic
   309 | D        | Reached skill level 5 in Ice Magic
   309 | D        | Reached skill level 5 in Air Magic
   309 | D        | Reached skill level 5 in Earth Magic
   309 | D        | Reached skill level 5 in Poison Magic
   309 | D        | Reached XP level 8. HP: 65/68 MP: 17/19
   326 | D        | Entered arena 7.
   326 | D        | Noticed a tarantella
   326 | D        | Noticed a vault guard
   326 | D        | Noticed an ironbrand convoker
   326 | D        | Noticed a vault guard
   326 | D        | Noticed a vault guard
   326 | D        | Noticed a vault guard
   328 | D        | Found a transporter.
   328 | D        | Noticed a mana viper
   328 | D        | a tarantella changed into a mana viper
   334 | D        | Killed a mana viper
   334 | D        | Killed a vault guard
   334 | D        | Reached XP level 9. HP: 63/75 MP: 13/21
   337 | D        | Killed an ironbrand convoker
   339 | D        | Killed a vault guard
   340 | D        | Killed a vault guard
   340 | D        | Reached XP level 10. HP: 71/83 MP: 14/23
   342 | D        | Killed a vault guard
   342 | D        | Reached skill level 10 in Spellcasting
   365 | D        | Learned a level 3 spell: Regeneration
   369 | D        | Entered arena 8.
   369 | D        | Noticed a shining eye
   369 | D        | Noticed an eye of devastation
   370 | D        | Found a transporter.
   373 | D        | Reached ****** piety under Cheibriados
   376 | D        | Gained mutation: Your spells are a little easier to cast,
                  | but a little less powerful. [a shining eye]
   378 | D        | Killed an eye of devastation
   378 | D        | Reached skill level 10 in Fighting
   378 | D        | Reached skill level 10 in Axes
   378 | D        | Reached skill level 10 in Dodging
   379 | D        | Killed a shining eye
   522 | D        | Entered arena 9.
   523 | D        | Found a transporter.
   529 | D        | Reached skill level 10 in Invocations
   560 | D        | Entered arena 10.
   561 | D        | Found a transporter.
   565 | D        | Reached XP level 11. HP: 92/92 MP: 23/25
   589 | D        | Entered arena 11.
   597 | D        | Reached skill level 10 in Armour
   603 | D        | Found a transporter.
   626 | D        | Entered arena 12.
   626 | D        | Noticed a vampire mage
   626 | D        | Noticed a necromancer
   626 | D        | Noticed a necromancer
   626 | D        | Noticed a necromancer
   626 | D        | Noticed a skeletal warrior
   627 | D        | Noticed a vampire mage
   628 | D        | Killed a vampire mage
   629 | D        | Found a transporter.
   630 | D        | Reached skill level 10 in Charms
   631 | D        | Killed a necromancer
   633 | D        | Killed a skeletal warrior
   633 | D        | Reached skill level 10 in Short Blades
   633 | D        | Reached skill level 10 in Long Blades
   633 | D        | Reached skill level 10 in Maces & Flails
   633 | D        | Reached skill level 10 in Polearms
   633 | D        | Reached skill level 10 in Staves
   633 | D        | Reached skill level 10 in Slings
   633 | D        | Reached skill level 10 in Bows
   633 | D        | Reached skill level 10 in Crossbows
   633 | D        | Reached skill level 10 in Throwing
   633 | D        | Reached skill level 10 in Stealth
   633 | D        | Reached skill level 10 in Shields
   633 | D        | Reached skill level 10 in Unarmed Combat
   633 | D        | Reached skill level 10 in Evocations
   633 | D        | Killed a necromancer
   633 | D        | Killed a necromancer
   639 | D        | Killed a vampire mage
   789 | D        | Entered arena 13.
   789 | D        | Noticed an ice dragon
   789 | D        | Noticed a skeletal warrior
   801 | D        | Killed an ice dragon
   804 | D        | Killed a skeletal warrior
   805 | D        | Found a transporter.
   811 | D        | Got the ring "Gesed" {rC+ Int+3}
   821 | D        | Got the +1 pair of gloves of the Mantidfly {+Fly MP-9
                  | Str+3}
   900 | D        | Entered arena 14.
   901 | D        | Noticed a green death
   901 | D        | Noticed a worldbinder
   902 | D        | Noticed a hell hog
   905 | D        | Found the amulet of the Four Winds {rN+ MR+++ Clar}
   907 | D        | Killed a green death
   908 | D        | Killed a worldbinder
   908 | D        | Reached XP level 12. HP: 83/101 MP: 11/27
   908 | D        | Killed a hell hog
   911 | D        | Found a transporter.
   941 | D        | Got the Incunabulum of Unholy Magic and the Escort
   944 | D        | Got the ring of Omithraf {rElec rC- AC+3 Slay-6 SInv}
   959 | D        | Learned a level 4 spell: Summon Lightning Spire
   962 | D        | Entered arena 15.
   964 | D        | Noticed an eight-headed hydra
   966 | D        | Found the ring of Shadows {Umbra +Inv Stlth+}
   970 | D        | Killed an 11-headed hydra
   976 | D        | Found a transporter.
   985 | D        | Got the ring of Xom's Righteous Fury {Wiz rElec MR+ Dex+4}
  1013 | D        | Got the Catalogue of the Lucky Oath
  1015 | D        | Got the Reference Book on the Shifting Glacier
  1062 | D        | Entered arena 16.
  1064 | D        | Noticed a merfolk avatar
  1064 | D        | Noticed a merfolk javelineer
  1064 | D        | Noticed a merfolk impaler
  1064 | D        | Noticed a merfolk javelineer
  1064 | D        | Noticed a merfolk aquamancer
  1064 | D        | Noticed a merfolk javelineer
  1069 | D        | Killed a merfolk aquamancer
  1069 | D        | Reached skill level 10 in Conjurations
  1069 | D        | Reached skill level 10 in Hexes
  1069 | D        | Reached skill level 10 in Summonings
  1069 | D        | Reached skill level 10 in Necromancy
  1069 | D        | Reached skill level 10 in Translocations
  1069 | D        | Reached skill level 10 in Transmutations
  1069 | D        | Reached skill level 10 in Fire Magic
  1069 | D        | Reached skill level 10 in Ice Magic
  1069 | D        | Reached skill level 10 in Air Magic
  1069 | D        | Reached skill level 10 in Earth Magic
  1069 | D        | Reached skill level 10 in Poison Magic
  1072 | D        | Found a transporter.
  1075 | D        | Killed a merfolk javelineer
  1076 | D        | Killed a merfolk javelineer
  1077 | D        | Killed a merfolk impaler
  1080 | D        | Killed a merfolk javelineer
  1080 | D        | Reached XP level 13. HP: 38/109 MP: 0/29
  1104 | D        | Got the Handbook of the Volcanoes and Self-Knowledge
  1303 | D        | Learned a level 5 spell: Aura of Abjuration
  1306 | D        | Entered arena 17.
  1326 | D        | Found a transporter.
  1443 | D        | Got the Volume of Freezing Clay
  1463 | D        | Learned a level 6 spell: Deflect Missiles
  1497 | D        | Entered arena 18.
  1500 | D        | Noticed a black draconian
  1500 | D        | Noticed a white draconian
  1500 | D        | Noticed a green draconian
  1500 | D        | Noticed a purple draconian
  1500 | D        | Noticed a green draconian
  1500 | D        | Noticed a black draconian
  1500 | D        | Noticed a white draconian knight
  1500 | D        | Noticed a white draconian
  1500 | D        | Noticed a yellow draconian
  1500 | D        | Noticed a green draconian
  1500 | D        | Noticed a red draconian
  1500 | D        | Noticed a yellow draconian
  1500 | D        | Noticed a green draconian
  1500 | D        | Noticed a yellow draconian
  1500 | D        | Noticed a red draconian
  1501 | D        | Noticed a yellow draconian annihilator
  1501 | D        | Noticed a red draconian
  1502 | D        | Noticed a black draconian
  1510 | D        | Killed a green draconian
  1513 | D        | Killed a green draconian
  1514 | D        | Killed a yellow draconian annihilator
  1514 | D        | Killed a red draconian
  1514 | D        | Killed a green draconian
  1517 | D        | Killed a white draconian knight
  1530 | D        | Killed a green draconian
  1533 | D        | Slain by a black draconian

Skill      XL: |  1  2  3  4  5  6  7  8  9 10 11 12 13 |
---------------+----------------------------------------+-----
Fighting       | 5 6 7 8 9 10 11 12 13 | 13.5
Short Blades   | 2 3 4 5 6 7 8 9 10 12 | 12.8
Long Blades    | 2 3 4 5 6 7 8 9 10 12 | 12.8
Axes           | 5 6 7 8 9 10 11 12 13 | 13.5
Maces & Flails | 2 3 4 5 6 7 8 9 10 12 | 12.8
Polearms       | 2 3 4 5 6 7 8 9 10 12 | 12.8
Staves         | 2 3 4 5 6 7 8 9 10 12 | 12.8
Slings         | 2 3 4 5 6 7 8 9 10 12 | 12.8
Bows           | 2 3 4 5 6 7 8 9 10 12 | 12.8
Crossbows      | 2 3 4 5 6 7 8 9 10 12 | 12.8
Throwing       | 2 3 4 5 6 7 8 9 10 12 | 12.8
Armour         | 3 4 5 6 7 8 9 11 12 13 | 13.1
Dodging        | 5 6 7 8 9 10 11 12 13 | 13.5
Stealth        | 2 3 4 5 6 7 8 9 10 12 | 12.8
Shields        | 2 3 4 5 6 7 8 9 10 12 | 12.8
Unarmed Combat | 2 3 4 5 6 7 8 9 10 12 | 12.8
Spellcasting   | 5 6 7 8 9 10 11 12 13 | 13.6
Conjurations   | 1 2 3 4 5 6 7 9 10 11 | 11.0
Hexes          | 1 2 3 4 5 6 7 9 10 11 | 11.0
Summonings     | 1 2 3 4 5 6 7 9 10 11 | 11.0
Necromancy     | 1 2 3 4 5 6 7 9 10 11 | 11.0
Translocations | 1 2 3 4 5 6 7 9 10 11 | 11.0
Transmutations | 1 2 3 4 5 6 7 9 10 11 | 11.0
Fire Magic     | 1 2 3 4 5 6 7 9 10 11 | 11.0
Ice Magic      | 1 2 3 4 5 6 7 9 10 11 | 11.0
Air Magic      | 1 2 3 4 5 6 7 9 10 11 | 11.0
Earth Magic    | 1 2 3 4 5 6 7 9 10 11 | 11.0
Poison Magic   | 1 2 3 4 5 6 7 9 10 11 | 11.0
Invocations    | 2 3 4 5 6 7 9 10 11 13 | 13.8
Evocations     | 2 3 4 5 6 7 8 9 10 12 | 12.8
Charms         | 6 7 8 9 10 11 12 | 12.1

Action                   |  1- 3 |  4- 6 |  7- 9 | 10-12 | 13-15 || total
-------------------------+-------+-------+-------+-------+-------++-------
Melee: Broad axe         |     2 |    10 |    12 |    81 |    39 ||   144
       Bite              |       |       |     3 |    16 |     2 ||    21
 Cast: Shroud of Golubri |       |       |       |     7 |     2 ||     9
       Infusion          |       |       |       |     7 |     2 ||     9
       Song of Slaying   |       |       |       |     7 |     2 ||     9
       Summon Lightning  |       |       |       |     2 |     3 ||     5
       Deflect Missiles  |       |       |       |       |     1 ||     1
Invok: Step From Time    |       |       |       |       |     1 ||     1
       Bend Time         |       |       |       |       |     1 ||     1
       Slouch            |       |       |       |       |     1 ||     1
Evoke: Lightning rod     |       |       |       |     2 |     2 ||     4
       Wand              |       |       |       |     1 |     1 ||     2
  Use: Potion            |     1 |       |       |       |     6 ||     7
       Scroll            |       |       |       |     2 |       ||     2
 Stab: Distracted        |       |       |     2 |     1 |     2 ||     5
Armor: Gold dragon scale |     1 |     6 |     6 |    35 |    25 ||    73
Dodge: Dodged            |       |     1 |     2 |    45 |    46 ||    94
       Deflected         |       |       |       |       |     6 ||     6
Block: Shield            |     3 |    18 |    32 |   171 |    95 ||   319
